 Dungeon Crawl Stone Soup version 0.24-a0-275-g6f7e2cb (webtiles) character file.

Game seed: 11099244879175410470

46 Gorice the Magician (level 3, -2/25 HPs)
             Began as a Gnoll Wizard on Apr 27, 2019.
             Slain by a crimson imp (3 damage)
             ... summoned by Natasha
             ... on level 2 of the Dungeon.
             The game lasted 00:05:23 (1135 turns).

Gorice the Magician (Gnoll Wizard)                  Turns: 1135, Time: 00:05:27

Health: -2/25      AC:  5    Str:  9    XL:     3   Next: 66%
Magic:  4/11       EV: 13    Int: 21    God:
Gold:   55         SH:  0    Dex: 13    Spells: 15/16 levels left

rFire    + . .     SeeInvis .   a - +0 short sword
rCold    . . .     Gourm    .   (no shield)
rNeg     . . .     Faith    .   h - +2 leather armour {rF+}
rPois    .         Spirit   .   b - +0 hat
rElec    .         Reflect  .   (no cloak)
rCorr    .         Harm     .   (no gloves)
MR       .....                  (no boots)
Stlth    ++........             (no amulet)
HPRegen  0.08/turn              (no ring)
MPRegen  0.12/turn              (no ring)

@: very slightly contaminated
A: distributed training, fangs 1, strong nose
a: no special abilities


You were on level 2 of the Dungeon.
You were hungry.

You visited 1 branch of the dungeon, and saw 2 of its levels.

You collected 55 gold pieces.

Inventory:

Hand Weapons
 a - a +0 short sword (weapon)
Missiles
 Y - 2 stones (quivered)
Armour
 b - a +0 hat (worn)
 g - a +0 chain mail
 h - a +2 leather armour of fire resistance (worn)
   (You took it off a goblin on level 1 of the Dungeon)
 i - a +2 large shield
 j - a +0 robe
Scrolls
 c - 2 scrolls of remove curse {unknown}
 e - a scroll of identify {unknown}
 f - a scroll of amnesia {unknown}
Comestibles
 d - 2 rations


   Skills:
 + Level 0.9 Fighting
 + Level 0.9 Short Blades
 + Level 0.9 Long Blades
 + Level 0.9 Axes
 + Level 0.9 Maces & Flails
 + Level 0.9 Polearms
 + Level 0.9 Staves
 + Level 0.9 Slings
 + Level 0.9 Bows
 + Level 0.9 Crossbows
 + Level 0.9 Throwing
 + Level 0.9 Armour
 + Level 4.5 Dodging
 + Level 4.2 Stealth
 + Level 0.9 Shields
 + Level 0.9 Unarmed Combat
 + Level 7.1 Spellcasting
 + Level 2.1 Conjurations
 + Level 0.6 Hexes
 + Level 0.6 Charms
 + Level 2.1 Summonings
 + Level 0.6 Necromancy
 + Level 2.1 Translocations
 + Level 0.6 Transmutations
 + Level 0.6 Fire Magic
 + Level 0.6 Ice Magic
 + Level 0.6 Air Magic
 + Level 0.6 Earth Magic
 + Level 0.6 Poison Magic
 + Level 1.0 Invocations
 + Level 0.9 Evocations


You had 15 spell levels left.
You knew the following spells:

 Your Spells              Type           Power        Failure   Level  Hunger
a - Magic Dart            Conj           ###.         4%          1    None

Your spell library contained the following spells:

 Spells                   Type           Power        Failure   Level  Hunger
 Blink                    Tloc           N/A          8%          2    None
 Call Imp                 Summ           ###.....     8%          2    None
 Slow                     Hex            ##......     14%         2    None
 Conjure Flame            Conj/Fire      ##......     21%         3    None
 Mephitic Cloud           Conj/Pois/Air  ##......     22%         3    None


Dungeon Overview and Level Annotations

Branches:
Dungeon (2/15)

Altars:

Annotations:
D:2 Natasha


Innate Abilities, Weirdness & Mutations

Your experience applies equally to all skills.
You have very sharp teeth.
Your uncanny sense of smell can sniff out nearby items.


Message History

Natasha is moderately wounded.
Natasha claws you but does no damage.
The crimson imp blinks!
Casting: Magic Dart (safe; 4% risk of failure)
Confirm with . or Enter, or press ? or * to list all spells.
Aiming: Magic Dart (safe; 4% risk of failure)
Press: ? - help, Shift-Dir - straight line, f/p - Natasha
Aim: Natasha (moderately wounded)
The magic dart hits Natasha.
Natasha is heavily wounded.
Natasha mumbles some strange words.
Natasha's front paws start to glow.
Natasha completely misses you.
Casting: Magic Dart (safe; 4% risk of failure)
Confirm with . or Enter, or press ? or * to list all spells.
Aiming: Magic Dart (safe; 4% risk of failure)
Press: ? - help, Shift-Dir - straight line, f/p - Natasha
Aim: Natasha (heavily wounded)
The magic dart hits Natasha but does no damage.
Natasha is heavily wounded.
Natasha mewls in sadness.
Natasha casts a spell.
Casting: Magic Dart (safe; 4% risk of failure)
Confirm with . or Enter, or press ? or * to list all spells.
Aiming: Magic Dart (safe; 4% risk of failure)
Press: ? - help, Shift-Dir - straight line, f/p - Natasha
Aim: Natasha (heavily wounded)
The magic dart hits Natasha.
Natasha is severely wounded.
Natasha claws you!
Damage: 9 (max 9)
Casting: Magic Dart (safe; 4% risk of failure)
Confirm with . or Enter, or press ? or * to list all spells.
Aiming: Magic Dart (safe; 4% risk of failure)
Press: ? - help, Shift-Dir - straight line, f/p - Natasha
Aim: Natasha (severely wounded)
The magic dart hits Natasha.
Natasha is severely wounded.
Natasha claws you!
* * * LOW HITPOINT WARNING * * *
The crimson imp blinks!
Damage: 9 (max 9)
Casting: Magic Dart (safe; 4% risk of failure)
Confirm with . or Enter, or press ? or * to list all spells.
Aiming: Magic Dart (safe; 4% risk of failure)
Press: ? - help, Shift-Dir - straight line, f/p - Natasha
Aim: Natasha (severely wounded)
The magic dart hits Natasha but does no damage.
Natasha is severely wounded.
The crimson imp hits you.
You die...

∆ ##### #
#....##.#
#.....#. #.....$
#....5#########
#..(5@'.....#.#
#....h#####.#.###
#.....#####.#...#
#....###....#.#.#
##### #.####.#.#
#.# #.#.# #.#
#.#.# #.# #.#.#
##.####.#.#


You could see Natasha and 2 crimson imps.

Vanquished Creatures
  3 dart slugs (D:1)
  2 leopard geckos (D:1)
  3 bats (D:1)
  2 giant cockroaches (D:1)
  2 goblins (D:1)
  9 hobgoblins
  3 kobolds (D:1)
  A ball python (D:1)
  A frilled lizard (D:1)
  8 rats (D:1)
34 creatures vanquished.

Notes
Turn   | Place    | Note
-------+----------+-------------------------------------------
     0 | D:1      | Gorice the Gnoll Wizard began the quest for the Orb.
     0 | D:1      | Reached XP level 1. HP: 13/13 MP: 8/8
   119 | D:1      | Reached skill level 2 in Conjurations
   119 | D:1      | Reached skill level 2 in Summonings
   119 | D:1      | Reached skill level 2 in Translocations
   122 | D:1      | Reached XP level 2. HP: 19/19 MP: 2/10
   415 | D:1      | Reached XP level 3. HP: 16/25 MP: 0/11
   743 | D:1      | Reached skill level 1 in Invocations
   975 | D:2      | HP: 6/25 [worm (8)]
  1126 | D:2      | Noticed Natasha
  1134 | D:2      | HP: 1/25 [Natasha (9)]
  1135 | D:2      | Slain by a crimson imp

Levels and vault maps discovered:
D:1:      eino_arrival_cavern_c, layout_rooms, minivault_25
D:2:      layout_basic, corexii_shack, minmay_misc_feat_columns, st_stairs_14,
          minmay_liquid_box, uniq_jessica, uniq_natasha

Skill      XL: |  1  2  3 |
---------------+----------+-----
Conjurations   | 2 |  2.1
Summonings     | 2 |  2.1
Translocations | 2 |  2.1
Invocations    | 1 |  1.0
Fighting       | |  0.9
Short Blades   | |  0.9
Long Blades    | |  0.9
Axes           | |  0.9
Maces & Flails | |  0.9
Polearms       | |  0.9
Staves         | |  0.9
Slings         | |  0.9
Bows           | |  0.9
Crossbows      | |  0.9
Throwing       | |  0.9
Armour         | |  0.9
Dodging        | |  4.5
Stealth        | |  4.2
Shields        | |  0.9
Unarmed Combat | |  0.9
Spellcasting   | |  7.1
Hexes          | |  0.6
Charms         | |  0.6
Necromancy     | |  0.6
Transmutations | |  0.6
Fire Magic     | |  0.6
Ice Magic      | |  0.6
Air Magic      | |  0.6
Earth Magic    | |  0.6
Poison Magic   | |  0.6
Evocations     | |  0.9

Action                   || total
-------------------------++-------
Melee: Unarmed           ||     9
       Bite              ||     3
       Short sword       ||    13
 Cast: Magic Dart        ||    95
Armor: Robe              ||     7
       Leather armour    ||     4
Dodge: Dodged            ||    30

Table legend:
 A = Non-vault XP
 B = Vault XP
 C = Vault XP percentage of total XP
 D = Non-vault monster count
 E = Vault monster count
 F = Vault count percentage of total count
                 A         B        C        D         E       F
            +---------+---------+-------+---------+---------+-------
      Total |      66 |       0 |   0.0 |      34 |       0 |   0.0
            +---------+---------+-------+---------+---------+-------
        D:1 |      64 |       0 |   0.0 |      33 |       0 |   0.0
        D:2 |       2 |       0 |   0.0 |       1 |       0 |   0.0
            +---------+---------+-------+---------+---------+-------

Table legend:
 A = Turns spent in this place as a percentage of turns spent in the entire game.
 B = Non-inter-level travel turns spent in this place as a percentage of non-inter-level travel turns spent in the entire game.
 C = Inter-level travel turns spent in this place as a percentage of turns spent in this place.
 D = Turns resting spent in this place as a percentage of non-inter-level travel turns spent in this place.
 E = Turns spent auto-exploring this place as a percentage of non-inter-level travel turns spent in this place.
 F = Non-inter-level travel turns spent in this place divided by the number of levels of this place that you've seen.
                   A       B       C       D       E      F
               +-------+-------+-------+-------+-------+----------------------
         Total | 100.0 | 100.0 |   1.6 |  29.5 |  25.1 | 558.5
       Dungeon | 100.0 | 100.0 |   1.6 |  29.5 |  25.1 | 558.5
               +-------+-------+-------+-------+-------+----------------------

Levels and vault maps discovered:
D:1:      eino_arrival_cavern_c, layout_rooms, minivault_25
D:2:      layout_basic, corexii_shack, minmay_misc_feat_columns, st_stairs_14,
          minmay_liquid_box, uniq_jessica, uniq_natasha
